 Dungeon Crawl Stone Soup version 0.18-a0-952-g309898a (webtiles) character file.

77 deanyohobro the Vandal (level 4, -3/42 HPs)
             Began as a Deep Dwarf Hunter on Dec 30, 2015.
             Slain by Sigmund
             ... wielding a +0 scythe
              (11 damage)
             ... on level 3 of the Dungeon.
             The game lasted 00:05:15 (1899 turns).

deanyohobro the Vandal (Deep Dwarf Hunter)          Turns: 1899, Time: 00:05:16

Health: -3/42      AC:  4    Str: 16    XL:     4   Next: 13%
Magic:  6/6        EV:  7    Int: 12    God:
Gold:   75         SH:  0    Dex: 13    Spells: 0 memorised, 3 levels left

rFire  . . .     SeeInvis .     a - +1 hunting sling
rCold  . . .     Gourm    .     c - +0 leather armour
rNeg   . . .     Faith    .     (no shield)
rPois  .         Spirit   .     (no helmet)
rElec  .         Dismiss  .     (no cloak)
rCorr  .         Reflect  .     (no gloves)
SustAt .         Harm     .     v - +0 pair of boots
MR     .....                    p - amulet of regeneration
Stlth  +.........               (no ring)
                                (no ring)

@: confused, non-regenerating, not resistant to hostile enchantments, very
unstealthy
A: damage resistance, recharge devices, sense surroundings 1, slow regeneration
3
a: Device Recharging


You were on level 3 of the Dungeon.
You were not hungry.

You visited 1 branch of the dungeon, and saw 3 of its levels.

You collected 75 gold pieces.

Inventory:

Hand Weapons
 a - a +1 hunting sling (weapon)
 b - a +0 short sword
 t - a cursed -3 whip
Missiles
 d - 15 sling bullets (quivered)
 i - 28 stones
 u - 21 arrows
Armour
 c - a +0 leather armour (worn)
 v - a +0 pair of boots (worn)
Jewellery
 p - an amulet of regeneration (around neck)
Wands
 e - a wand of heal wounds (3/9)
Scrolls
 g - 4 scrolls of identify {unknown}
 j - a scroll of fog {unknown}
 k - a scroll of enchant weapon {unknown}
 n - a scroll of random uselessness {unknown}
 r - a scroll of teleportation {unknown}
 s - a scroll of remove curse {unknown}
Potions
 h - 3 potions of agility {unknown}
 l - a potion of ambrosia {unknown}
 q - a potion of resistance {unknown}
Books
 o - a Necronomicon

   Spells                             Type                      Level
   a - Haunt                          Necromancy/Summoning         7
   b - Borgnjor's Revivification      Necromancy                   8
   c - Death's Door                   Charms/Necromancy            8
   d - Necromutation                  Transmutation/Necromancy     8
Comestibles
 f - a bread ration
 m - a beef jerky


   Skills:
 + Level 3.0 Fighting
 - Level 4.3 Slings
 - Level 2.1 Dodging
 - Level 1.2 Stealth
 + Level 3.5 Evocations


You had 3 spell levels left.
You didn't know any spells.

Dungeon Overview and Level Annotations

Branches:
Dungeon (3/15)

Altars:
Sif Muna

Annotations:
D:3 Sigmund


Innate Abilities, Weirdness & Mutations

You are resistant to damage.
You can recharge devices by infusing magical energy.
You passively map a small area around you.
You do not regenerate naturally.


Message History

You shoot a sling bullet.
You hear some strange, mumbled words.
Something tries to affect you, but you resist.
Firing (i - inventory. (,) - cycle):
d - 17 sling bullets (quivered)
Press: ? - help, Shift-Dir - straight line, f - you You shoot a sling bullet.
You hear some strange, mumbled words.
You are confused.
Firing (i - inventory. (,) - cycle):
d - 16 sling bullets (quivered)
Press: ? - help, Shift-Dir - straight line, f - you You shoot a sling bullet.
Something hits you.
You hear some strange, mumbled words.
Something tries to affect you, but you resist.
In your confused state, you trip and fall back down the stairs.
You hear some strange, mumbled words.
A puff of flame appears from out of thin air!
The puff of flame hits you!
* * * LOW HITPOINT WARNING * * *
Something hits you!
You die...

* ,
(..(...(....##
.............#
.............#
.........†...#
............(#
......((.....#
.......(.....#
(((.({.@....#
....##.....##
* # * #######


There were no monsters in sight!

Vanquished Creatures
  4 adders
  3 giant geckos
  A ball python (D:2)
  4 bats
  A giant cockroach (D:1)
  6 goblins
  8 hobgoblins
  2 kobolds (D:1)
  3 quokkas (D:2)
  A giant newt (D:2)
  4 rats
37 creatures vanquished.

Notes
Turn   | Place    | Note
--------------------------------------------------------------
     0 | D:1      | deanyohobro the Deep Dwarf Hunter began the quest for the Orb.
     0 | D:1      | Reached XP level 1. HP: 19/19 MP: 1/1
   125 | D:1      | Reached skill level 1 in Evocations
   216 | D:1      | Reached XP level 2. HP: 26/26 MP: 1/3
   635 | D:2      | Reached XP level 3. HP: 31/33 MP: 4/4
   989 | D:2      | Found a deep blue altar of Sif Muna.
  1685 | D:3      | Noticed Sigmund
  1697 | D:3      | HP: 1/33 [something (6)]
  1699 | D:3      | Reached XP level 4. HP: 33/42 MP: 6/6
  1899 | D:3      | Slain by Sigmund

Vault maps used:
D:1:      minmay_arrival_up_and_down, lemuel_old_faithful
D:2:      nicolae_overflow_crystal_walls, st_stairs_2
D:3:      minitemple, uniq_sigmund, uniq_jessica

Action                   |  1- 3 |  4- 6 || total
-------------------------+-------+-------++-------
 Fire: Hunting sling     |    93 |    20 ||   113
Evoke: Wand              |     1 |     1 ||     2
  Eat: Bread ration      |     1 |       ||     1
       Chunk             |     1 |       ||     1
